 Dungeon Crawl Stone Soup version 0.30.1-9-gdf580d7c3d (webtiles) character file.

Game seed: 4312077915257546294

144 arthad the Magician (level 5, -1/28 HPs)
             Began as a Deep Elf Earth Elementalist on Oct 21, 2023.
             Slain by a steam dragon (9 damage)
             ... on level 3 of the Dungeon.
             The game lasted 00:03:32 (2660 turns).

arthad the Magician (Deep Elf Earth Elementalist)   Turns: 2660, Time: 00:03:32

Health: -1/28      AC:  6    Str:  5    XL:     5   Next: 5%
Magic:  7/13       EV: 13    Int: 22    God:
Gold:   82         SH:  0    Dex: 15    Spells: 6/12 levels left

rFire   . . .        j - +2 dagger (venom)
rCold   . . .        (no shield)
rNeg    . . .        a - +0 robe
rPois   .            (no helmet)
rElec   .            (no cloak)
rCorr   .            (no gloves)
SInv    .            (no boots)
Will    .....        q - amulet of regeneration
Stlth   ++           m - +4 ring of protection
HPRegen 1.04/turn    (no ring)
MPRegen 0.13/turn

%: no passive effects
@: no status effects
A: no striking features
a: no special abilities


You were on level 3 of the Dungeon.
You visited 1 branch of the dungeon, and saw 3 of its levels.

You collected 82 gold pieces.

Inventory:

Hand Weapons
 j - a +2 dagger of venom (weapon)
Armour
 a - a +0 robe (worn)
Jewellery
 c - an amulet of faith
 m - a +4 ring of protection (left hand)
 q - an amulet of regeneration (around neck)
Scrolls
 d - a scroll of enchant armour {unknown}
 e - 2 scrolls of enchant weapon {unknown}
 f - 3 scrolls of identify {unknown}
 i - a scroll of teleportation {unknown}
 l - a scroll of torment {unknown}
 n - a scroll of immolation {unknown}
Potions
 b - a potion of magic
 g - 2 potions of resistance {unknown}
 h - 3 potions of curing {unknown}
 k - 2 potions of lignification {unknown}
 o - 2 potions of attraction {unknown}
 p - a potion of degeneration {unknown}
 r - a potion of cancellation {unknown}


   Skills:
 + Level 0.7 Fighting
 + Level 3.1 Dodging
 + Level 3.0 Stealth
 * Level 4.3 Spellcasting
 * Level 1.6 Conjurations
 + Level 0.5 Translocations
 + Level 1.9 Transmutations
 * Level 4.1 Earth Magic


You had 6 spell levels left.
You knew the following spells:

 Your Spells              Type           Power      Damage    Failure   Level
a - Sandblast             Erth           44%        2d11      1%          1
b - Stone Arrow           Conj/Erth      34%        3d9       10%         3
c - Blink                 Tloc           14%        N/A       13%         2

Your spell library contained the following spells:

 Spells                   Type           Power      Damage    Failure   Level
 Passwall                 Tmut/Erth      15%        N/A       4%          2
 Momentum Strike          Conj/Tloc      18%        3d8       11%         2
 Lesser Beckoning         Tloc           14%        N/A       13%         2
 Petrify                  Tmut/Erth      18%        N/A       30%         4


Dungeon Overview and Level Annotations

Branches:
Dungeon (3/15)

Altars:
Okawaru
Qazlal
The Shining One


Message History

The blast of sand hits the orc.
The orc is moderately wounded.
The blast of sand hits the orc!
You kill the orc!
You see here a +0 club.
The blast of sand hits the goblin!
You kill the goblin!
You can't see any susceptible monsters within range! (Use Z to cast anyway.)
Things that are here:
a +0 club; a +0 sling You open the door.
A steam dragon and a bat come into view.
Found 14 gold pieces.
The blast of sand misses the bat.
The blast of sand hits the steam dragon!
The steam dragon is heavily wounded.
The bat barely misses you.
The blast of sand hits the steam dragon.
The steam dragon is heavily wounded.
The steam dragon breathes steam at you.
The ball of steam hits the bat!!
The bat dies!
The ball of steam hits you!
The blast of sand hits the steam dragon.
The steam dragon is severely wounded.
You are engulfed in a cloud of scalding steam.
* * * LOW HITPOINT WARNING * * *
The steam dragon bites you but does no damage.
The steam dragon barely misses you.
You are too injured to fight recklessly!
You are too injured to fight recklessly!
Casting: Sandblast (safe; 1% risk of failure)
Confirm with . or Enter, or press ? or * to list all spells.
Aiming: Stone Arrow (quite dangerous; 10% risk of failure)
Press: ? - help, Shift-Dir - straight line, f/p - steam dragon
Aim: a steam dragon (severely wounded, catching its breath, 68% to hit)
The stone arrow hits the steam dragon!
The steam dragon is almost dead.
The steam dragon bites you!
You die...

...................>...##.##
.##...................###..#####
...............................##
#.....(.#.[.[..........###..##...
#.###.....#######..#.............
......############........#.##...
.####.#......†...#....#########..
#####.#....).....#....#≈..≈≈≈....
###...##'##..##.@#....#._........
......##..######D#..#.#≈..≈≈≈..†.
.######8..# ..#..###########..
.'...)...## ...#..# .†.
.#.......# #..##..# .##
.######8..# +.. #. #. ....# ##..#
#$. .. ....# #+## #.. #. ....#


You could see a steam dragon (catching breath).

Vanquished Creatures
  A hound (D:3)
  4 adders (D:2)
  4 worms
  A dart slug (D:1)
  An orc (D:3)
  3 ball pythons
  A bat zombie (D:3)
  7 endoplasms
  2 giant cockroaches
  8 goblins
  6 hobgoblins
  7 jackals
  3 kobolds
  3 bats
  3 frilled lizards
  6 rats
60 creatures vanquished.

Vanquished Creatures (others)
  A bat (D:3)
1 creature vanquished.

Grand Total: 61 creatures vanquished

Notes
Turn   | Place    | Note
-------+----------+-------------------------------------------
     0 | D:1      | arthad the Deep Elf Earth Elementalist began the quest for
                  | the Orb.
     0 | D:1      | Reached XP level 1. HP: 10/10 MP: 6/6
   219 | D:1      | Reached XP level 2. HP: 15/15 MP: 5/8
  1201 | D:2      | Reached XP level 3. HP: 20/20 MP: 7/10
  1245 | D:2      | Learned a level 3 spell: Stone Arrow
  1248 | D:2      | Learned a level 2 spell: Blink
  1580 | D:2      | Reached skill level 1 in Conjurations
  1580 | D:2      | Reached XP level 4. HP: 22/24 MP: 4/12
  2456 | D:3      | Found an iron altar of Okawaru.
  2458 | D:3      | Found a stormy altar of Qazlal.
  2458 | D:3      | Found a glowing golden altar of the Shining One.
  2583 | D:3      | Reached XP level 5. HP: 28/28 MP: 11/13
  2656 | D:3      | Noticed a steam dragon
  2660 | D:3      | Slain by a steam dragon

Illustrated notes

Levels and vault maps discovered:
D:1:      dpeg_arrival_signposts, layout_basic
D:2:      layout_loops_corners
D:3:      minmay_chambers_of_twos, layout_rooms,
          lemuel_zombie_altar_kikubaaqudgha, pf_just_have_faith,
          chequers_temple_overflow_statue_of_worship, serial_curves,
          eino_curves_01, eino_curves_04, eino_curves_04, eino_curves_01,
          uniq_jessica

Skill      XL: |  1  2  3  4 |
---------------+-------------+-----
Spellcasting   | 4 |  4.3
Conjurations   | 1 |  1.6
Dodging        | 3 |  3.1
Stealth        | 3 |  3.0
Earth Magic    | 4 |  4.1
Fighting       | |  0.7
Translocations | |  0.5
Transmutations | |  1.9

Action                     |  1- 3 |  4- 6 || total
---------------------------+-------+-------++-------
   Cast: Sandblast         |    56 |    37 ||    93
         Stone Arrow       |       |     1 ||     1
 Armour: Robe              |     4 |     4 ||     8
  Dodge: Dodged            |    15 |     6 ||    21
